 Dungeon Crawl Stone Soup version 0.21.0 (webtiles) character file.

5387 Auros the Soothsayer (level 10, -3/66 HPs)
             Began as a Halfling Hunter on Mar 11, 2018.
             Was a Priest of Nemelex Xobeh.
             Slain by an orc warrior
             ... wielding a +0 dire flail
              (21 damage)
             ... on level 9 of the Dungeon.
             The game lasted 01:30:44 (9246 turns).

Auros the Soothsayer (Halfling Hunter)              Turns: 9246, Time: 01:30:45

Health: -3/66      AC: 10    Str: 14    XL:     10   Next: 98%
Magic:  19/19      EV: 14    Int: 12    God:    Nemelex Xobeh [***...]
Gold:   396        SH:  0    Dex: 18    Spells: 7/9 levels left

rFire    . . .     SeeInvis .   a - +2 hunting sling
rCold    . . .     Gourm    .   (shield restricted)
rNeg     . . .     Faith    .   g - +2 scale mail
rPois    +         Spirit   .   (no helmet)
rElec    .         Reflect  .   (no cloak)
rCorr    .         Harm     .   r - +0 pair of gloves
MR       .....                  (no boots)
Stlth    +.........             (no amulet)
HPRegen  0.21/turn              v - +3 ring of intelligence
MPRegen  0.16/turn              N - ring of poison resistance

@: no status effects
A: small, mutation resistance 1
a: Triple Draw, Renounce Religion


You were on level 9 of the Dungeon.
You worshipped Nemelex Xobeh.
Nemelex Xobeh was most pleased with you.
You were not hungry.

You visited 2 branches of the dungeon, and saw 10 of its levels.

You collected 396 gold pieces.

Inventory:

Hand Weapons
 a - a +2 hunting sling (weapon)
 b - a +0 short sword
 d - a +0 shortbow
 G - a +0 shortbow
Missiles
 k - 133 stones (quivered)
 y - 153 arrows
 B - 21 bolts
Armour
 c - a +0 leather armour
 g - a +2 scale mail (worn)
 h - a +0 robe
 r - a +0 pair of gloves (worn)
 w - a +0 chain mail
 x - a +0 ring mail
 J - a +2 leather armour of cold resistance
Magical Staves
 H - an uncursed staff of conjuration
Jewellery
 v - a +3 ring of intelligence (left hand)
 D - an uncursed ring of protection from fire
 N - a ring of poison resistance (right hand)
Wands
 o - a wand of flame (26)
 z - a wand of digging (3)
 K - a wand of random effects (14)
Scrolls
 i - 5 scrolls of teleportation
 l - a scroll of identify
 n - 6 scrolls of remove curse
 C - a scroll of enchant weapon
Potions
 e - 3 potions of haste
 j - a potion of magic {unknown}
 m - a potion of brilliance {unknown}
 p - 3 potions of curing
 q - a potion of heal wounds
 t - a potion of flight {unknown}
 F - a potion of might {unknown}
 O - a potion of mutation {unknown}
Books
 I - the Papyrus of the Igneous Frostbite
   (You found it on level 7 of the Dungeon)

   Spells                             Type                      Level
   a - Freeze                         Ice                          1
   b - Conjure Flame                  Conjuration/Fire             3
   c - Ignite Poison                  Fire/Transmutation/Poison    3
   d - Sticky Flame                   Conjuration/Fire             4
   e - Ice Form                       Ice/Transmutation            4
   f - Bolt of Magma                  Conjuration/Fire/Earth       5
 P - a book of Debilitation

   Spells                             Type                      Level
   a - Corona                         Hexes                        1
   b - Slow                           Hexes                        2
   c - Inner Flame                    Hexes/Fire                   3
   d - Portal Projectile              Hexes/Translocation          3
   e - Cause Fear                     Hexes                        4
   f - Leda's Liquefaction            Hexes/Earth                  4
Miscellaneous
 E - a plain deck of destruction {drawn: 2}
 L - a plain deck of summoning {drawn: 1}
 M - a plain deck of summoning
Comestibles
 f - 10 rations


   Skills:
 - Level 5.2 Fighting
 - Level 11.0 Slings
 - Level 4.6 Armour
 - Level 5.0 Dodging
 - Level 1.4 Stealth
 * Level 12.0 Invocations
 - Level 0.1 Evocations


You had 7 spell levels left.
You knew the following spells:

 Your Spells              Type           Power        Failure   Level  Hunger
a - Slow                  Hex            #.......     89%         2    ###....


Dungeon Overview and Level Annotations

Branches:
Dungeon (9/15)             Temple (1/1) D:7            Lair (0/6) D:9
    Orc: D:9-12

Altars:
Ashenzari
Cheibriados
Dithmenos
Elyvilon
Fedhas
Gozag
Hepliaklqana
Kikubaaqudgha
Makhleb
Nemelex Xobeh
Okawaru
Qazlal
Ru
Sif Muna
Trog
Uskayaw
Vehumet
Wu Jian
Xom
Yredelemnul
Zin
The Shining One


Innate Abilities, Weirdness & Mutations

You are small and have problems with some larger weapons.
You are somewhat resistant to further mutation.


Message History

The porcupine bites you! The adder bites you but does no damage.
Firing (i - inventory):
k - 134 stones (quivered)
Press: ? - help, Shift-Dir - straight line, f/p - orc warrior
Aim: an orc warrior, wielding a dire flail, wearing a plate armour and wearing a ring of loudness (heavily wounded)
You shoot a stone.
The stone hits the orc warrior but does no damage.
The orc warrior is heavily wounded.
The porcupine bites the fungus!
The orc warrior hits you with a dire flail.
The porcupine bites you.
* * * LOW HITPOINT WARNING * * *
The adder bites you.
* * * LOW HITPOINT WARNING * * *
Evoke which item? (* to show all) (? for menu, Esc to quit)
You draw a card...
It is the Rangers.
The porcupine bites the fungus!
The fungus is destroyed!
The adder bites you but does no damage.
The orc warrior hits you with a dire flail!!
You die...
Your body glows with a rainbow of weird colours and disappears.

'.......P...P....P
#.........P...PP..
#...........P...PP
#..........P.P..PP
........P.....>P.
.....Pc..c.(.P.P
#'...r(.(PP..
##...c@Sr(.P..
##.....Po..P..P
#..##.P...P.P.P
######.####.......P.
#...........P...P..P
#..........#........
#..........#......P.
#..........#.#......
#..........#.'.....


You could see an orc warrior, 2 porcupines, an adder and 3 friendly centaurs.

Vanquished Creatures
  2 water moccasins
  3 porcupines (D:9)
  Duvessa (D:7)
  3 sky beasts
  2 black bears (D:9)
  The ghost of PrincessPwny the Cudgeler, an amateur GnBe of Trog (D:3)
  2 wolves (D:8)
  A phantom (D:6)
  7 centaurs
  3 ogres
  A gnoll sergeant (D:7)
  2 bullfrogs (D:8)
  4 scorpions
  3 killer bees
  A howler monkey (D:5)
  A crimson imp (D:8)
  A jelly (D:6)
  A quasit (D:6)
  2 orc priests
  2 gnoll shamans
  A bullfrog skeleton (D:7)
  2 hounds (D:6)
  4 orc wizards
  A centaur skeleton (D:9)
  3 iguanas
  5 worker ants
  A hound zombie (D:9)
  A howler monkey zombie (D:5)
  10 adders
  15 gnolls
  A shadow imp (D:5)
  An ooze (D:5)
  2 worms
  A dart slug (D:4)
  4 leopard geckos
  19 orcs
  3 giant cockroaches
  4 goblins
  3 hobgoblins
  3 jackals (D:5)
  3 quokkas
  7 bats
  2 frilled lizards
  3 kobolds (D:1)
  A leopard gecko skeleton (D:4)
  A leopard gecko zombie (D:7)
  A quokka zombie (D:7)
  7 rats
  A fungus (D:9)
153 creatures vanquished.

Vanquished Creatures (collateral kills)
  A hydra (D:9)
  A two-headed ogre (D:8)
  The ghost of centipede the Caller, a novice MfSu of Fedhas (D:7)
  A troll (D:9)
  Grum (D:8)
  An ogre (D:6)
  A bullfrog (D:8)
  Dowan (D:7)
  2 killer bees (D:9)
  A worker ant (D:7)
  A worker ant zombie (D:7)
  2 gnolls (D:7)
  An adder (D:7)
  A shadow imp (D:7)
  An orc (D:7)
  A quokka (D:9)
18 creatures vanquished.

Vanquished Creatures (others)
  39 fungi (D:9)
  8 plants (D:9)
47 creatures vanquished.

Grand Total: 218 creatures vanquished

Notes
Turn   | Place    | Note
-------+----------+-------------------------------------------
     0 | D:1      | Auros the Halfling Hunter began the quest for the Orb.
     0 | D:1      | Reached XP level 1. HP: 14/14 MP: 1/1
   407 | D:1      | Reached XP level 2. HP: 16/19 MP: 2/2
   616 | D:2      | Reached XP level 3. HP: 24/24 MP: 3/3
   749 | D:2      | Found a sparkling altar of Nemelex Xobeh.
   758 | D:2      | Reached skill level 1 in Armour
   814 | D:2      | Became a worshipper of Nemelex Xobeh the Trickster
   993 | D:2      | Received a gift from Nemelex Xobeh
  1160 | D:2      | Found a snail-covered altar of Cheibriados.
  1354 | D:3      | Found a shimmering altar of Xom.
  1612 | D:3      | Reached * piety under Nemelex Xobeh
  1695 | D:3      | Received a gift from Nemelex Xobeh
  1713 | D:3      | Found a stormy altar of Qazlal.
  1795 | D:3      | Noticed PrincessPwny's ghost (amateur GnBe)
  1807 | D:3      | Reached XP level 4. HP: 29/29 MP: 4/4
  1828 | D:3      | Killed PrincessPwny's ghost
  1828 | D:3      | Reached skill level 1 in Invocations
  1828 | D:3      | Reached XP level 5. HP: 34/34 MP: 5/5
  1857 | D:3      | Found a faded altar of an unknown god.
  2709 | D:4      | Reached XP level 6. HP: 39/39 MP: 7/7
  2739 | D:4      | Noticed an ogre
  2759 | D:4      | Killed an ogre
  2759 | D:4      | Reached skill level 2 in Invocations
  3117 | D:5      | Entered Level 5 of the Dungeon
  3349 | D:5      | Reached XP level 7. HP: 38/45 MP: 8/8
  3397 | D:5      | Found a shimmering altar of Xom.
  3400 | D:5      | Received a gift from Nemelex Xobeh
  3440 | D:5      | Reached skill level 10 in Slings
  3440 | D:5      | Reached skill level 3 in Invocations
  3454 | D:5      | Found an opulent altar of Gozag.
  3551 | D:5      | Found a shadowy altar of Dithmenos.
  3560 | D:5      | Reached ** piety under Nemelex Xobeh
  3681 | D:5      | Found a glowing golden altar of the Shining One.
  3875 | D:5      | Reached skill level 4 in Invocations
  4230 | D:6      | Reached XP level 8. HP: 51/51 MP: 11/11
  4546 | D:5      | Received a gift from Nemelex Xobeh
  4923 | D:6      | Reached skill level 5 in Invocations
  5495 | D:7      | Reached XP level 9. HP: 57/57 MP: 13/13
  5531 | D:7      | Reached skill level 6 in Invocations
  5532 | D:7      | Found an iron altar of Okawaru.
  5589 | D:7      | Noticed centipede's ghost (novice MfSu)
  5607 | D:7      | Killed centipede's ghost
  5842 | D:7      | Noticed Duvessa
  5845 | D:7      | Noticed Dowan
  5848 | D:7      | Killed Duvessa
  5854 | D:7      | Reached skill level 5 in Fighting
  5855 | D:7      | Killed Dowan
  5857 | D:7      | Reached skill level 5 in Dodging
  6020 | D:7      | Reached *** piety under Nemelex Xobeh
  6169 | D:7      | Found a staircase to the Ecumenical Temple.
  6256 | Temple   | Entered the Ecumenical Temple
  6258 | Temple   | Received a gift from Nemelex Xobeh
  6728 | D:7      | Identified the Papyrus of the Igneous Frostbite
  6804 | D:8      | Reached skill level 7 in Invocations
  6852 | D:8      | Received a gift from Nemelex Xobeh
  7028 | D:8      | Noticed Grum
  7139 | D:8      | Reached skill level 8 in Invocations
  7139 | D:8      | Reached XP level 10. HP: 35/66 MP: 14/16
  7385 | D:8      | Killed Grum
  7548 | D:8      | Reached skill level 9 in Invocations
  7789 | D:8      | Found a white marble altar of Elyvilon.
  7984 | D:8      | Learned a level 2 spell: Slow
  8160 | D:9      | Reached **** piety under Nemelex Xobeh
  8160 | D:9      | Received a gift from Nemelex Xobeh
  8181 | D:9      | Noticed a seven-headed hydra
  8191 | D:9      | Killed a seven-headed hydra
  8191 | D:9      | Reached skill level 10 in Invocations
  8516 | D:9      | Reached skill level 11 in Invocations
  8521 | D:9      | Noticed a two-headed ogre
  8852 | D:8      | Killed a two-headed ogre
  9136 | D:9      | Reached skill level 12 in Invocations
  9189 | D:9      | Found a staircase to the Lair.
  9246 | D:9      | Slain by an orc warrior

Skill      XL: |  1  2  3  4  5  6  7  8  9 10 |
---------------+-------------------------------+-----
Slings         | 6 7 8 9 10 11 | 11.0
Fighting       | 2 3 5 |  5.2
Armour         | 1 3 4 |  4.6
Invocations    | 1 2 4 5 8 12 | 12.0
Dodging        | 4 5 |  5.0
Stealth        | |  1.4
Evocations     | |  0.1

Action                   |  1- 3 |  4- 6 |  7- 9 | 10-12 || total
-------------------------+-------+-------+-------+-------++-------
Melee: Short sword       |    20 |     9 |       |       ||    29
       Hunting sling     |       |       |     2 |       ||     2
 Fire: Hunting sling     |    58 |   104 |   499 |   243 ||   904
Throw: Stone             |     2 |       |       |       ||     2
Invok: Triple Draw       |       |       |       |     1 ||     1
       Deal Four         |       |       |       |     1 ||     1
Evoke: Deck              |     1 |     2 |     5 |    10 ||    18
       Wand              |       |       |     1 |     2 ||     3
  Use: Scroll            |       |     8 |     3 |     1 ||    12
       Potion            |       |     2 |     3 |     5 ||    10
  Eat: Ration            |     1 |     1 |     4 |     1 ||     7
Armor: Scale mail        |    28 |    35 |    69 |    69 ||   201
Dodge: Dodged            |    43 |    39 |   128 |   160 ||   370
